 Dungeon Crawl Stone Soup version 0.32-a0-433-g08bcfe7efd (webtiles) character file.

Game seed: 14312839946911194865

263 jasper the Trooper (level 6, 0/49 HPs)
             Began as a Coglin Chaos Knight on Feb 22, 2024.
             Was a Plaything of Xom.
             Slain by a gnoll
             ... wielding a +0 spear of chaos
              (2 damage)
             ... on level 3 of the Dungeon.
             The game lasted 00:04:36 (2321 turns).

jasper the Trooper (Coglin Chaos Knight)            Turns: 2321, Time: 00:04:36

Health: 0/49       AC:  6    Str: 11 (12) XL:     6   Next: 19%
Magic:  6/6        EV: 12    Int: 12      God:    Xom [......]
Gold:   148        SH:  0    Dex: 11 (15) Spells: 5/5 levels left

rFire   + .          .
                       - Unarmed
rCold   . . .        (no shield)
rNeg    . . .        a - +2 leather armour
rPois   .            (no helmet)
rElec   .            (no cloak)
rCorr   .            c - +0 pair of gloves
SInv    .            (no boots)
Will    .....        (no amulet)
Stlth   +            j - ring of protection from fire
HPRegen 0.28/turn    (no ring)
MPRegen 0.10/turn

%: no passive effects
@: revving
A: off-hand wielding, slow wielding, warmup strikes, legs shutdown
a: Renounce Religion


You were on level 3 of the Dungeon.
You worshipped Xom.
You were a very special plaything of Xom.
You visited 1 branch of the dungeon, and saw 3 of its levels.

You collected 148 gold pieces.

Inventory:

Missiles
 g - 29 stones (quivered)
Armour
 a - a +2 leather armour (worn)
 c - a +0 pair of gloves (worn)
Jewellery
 j - a ring of protection from fire (left grasper)
 k - a ring of magical power
Scrolls
 b - a scroll of butterflies


   Skills:
 + Level 4.6 Fighting
 + Level 3.5 Armour
 + Level 3.1 Dodging
 - Level 2.6 Unarmed Combat


You had 5 spell levels left.
You didn't know any spells.
Your spell library was empty.

Dungeon Overview and Level Annotations

Branches:
Dungeon (3/15)

Altars:
Nemelex Xobeh

Shops:
D:3 (


Innate Abilities, Weirdness & Mutations

You can wield a second weapon in your off-hand.
It takes a long time for you to wield or remove held weapons.
Your first few attacks do less damage.
Attacking and casting redirects power from your legs.


Message History

The gnoll misses you.
The gnoll hits you from afar with a +0 spear.
You take 2 damage, and have 45/49 hp.
You hit the gnoll.
The gnoll is lightly wounded.
The gnoll hits you with a +0 whip. The gnoll closely misses you.
The gnoll hits you from afar with a +0 spear of chaos.
You are electrocuted!!
You take 29 damage, and have 16/49 hp.
MASSIVE DAMAGE!!
You barely miss the gnoll.
The gnoll is lightly wounded.
The gnoll hits you with a +0 whip.
* * * LOW HITPOINT WARNING * * *
The gnoll hits you from afar with a +0 spear.
* * * LOW HITPOINT WARNING * * *
The gnoll hits you but does no damage.
You take 5 damage, and have 11/49 hp.
You aren't carrying any potions.
As you read the scroll labelled ZIMOIRIHUD, it crumbles to dust.
You hear a loud clanging noise!
It was a scroll of noise.
You are no longer unable to travel.
The gnoll misses you.
The gnoll hits you from afar with a +0 spear.
* * * LOW HITPOINT WARNING * * *
The gnoll misses you.
You take 2 damage, and have 9/49 hp.
The gnoll hits you with a +0 whip.
* * * LOW HITPOINT WARNING * * *
The gnoll attacks as it pursues you!
The gnoll hits you from afar with a +0 spear of chaos.
* * * LOW HITPOINT WARNING * * *
You see here a ball python corpse.
You take 8 damage, and have 1/49 hp.
The gnoll attacks as it pursues you! The gnoll closely misses you.
The gnoll attacks as it pursues you! The gnoll barely misses you.
The gnoll attacks as it pursues you!
The gnoll hits you from afar with a +0 spear of chaos.
You die...
Xom titters!

.. #.............# ### ..
#.####.#.####.. ..## #.#.......#
...### #.......# ..... #.......#
....########.......#
....(..##..........#
.....!.##.##..g....#####
....).......g.gg@....∩.##########
.................................
..........#######################
.######.### ## #.# ###


You could see 4 gnolls.

Vanquished Creatures
  A sky beast (D:3)
  A centaur (D:2)
  2 adders (D:2)
  3 dart slugs
  2 ribbon worms (D:2)
  4 orcs (D:3)
  7 ball pythons
  3 giant cockroaches
  2 goblins (D:1)
  5 hobgoblins
  8 jackals
  3 kobolds
  2 quokkas (D:1)
  6 bats
  3 frilled lizards
  9 rats
61 creatures vanquished.

Notes
Turn   | Place    | Note
-------+----------+-------------------------------------------
     0 | D:1      | jasper the Coglin Chaos Knight began the quest for the Orb.
     0 | D:1      | Reached XP level 1. HP: 18/18 MP: 1/1
    81 | D:1      | XOM: silly message
    97 | D:1      | Reached skill level 1 in Dodging
   148 | D:1      | Reached XP level 2. HP: 20/24 MP: 2/2
   604 | D:1      | Reached XP level 3. HP: 26/29 MP: 3/3
  1315 | D:2      | Reached XP level 4. HP: 37/37 MP: 4/4
  1335 | D:2      | XOM: confusion
  1337 | D:2      | a giant cockroach changed into a centaur
  1337 | D:2      | Noticed a centaur
  1337 | D:2      | XOM: polymorph giant cockroach -> centaur
  1362 | D:2      | Killed a centaur
  1363 | D:2      | Reached skill level 4 in Fighting
  1363 | D:2      | Reached XP level 5. HP: 12/42 MP: 5/5
  1526 | D:2      | XOM: summons 2 hostile shadow creatures
  1666 | D:2      | XOM is BORED!
  1666 | D:2      | XOM: summons 3 hostile demons
  1667 | D:2      | Noticed a rust devil
  1703 | D:3      | XOM: torment (22/42 hp)
  1928 | D:3      | Found a sparkling altar of Nemelex Xobeh.
  1976 | D:3      | Found Jecipoijemm's Weapon Shoppe.
  2025 | D:3      | Noticed a water moccasin
  2026 | D:3      | a water moccasin changed into a sky beast
  2026 | D:3      | Noticed a sky beast
  2026 | D:3      | XOM: polymorph water moccasin -> sky beast
  2064 | D:3      | Killed a sky beast
  2065 | D:3      | Reached XP level 6. HP: 9/49 MP: 6/6
  2311 | D:3      | XOM: chaos upgrade
  2319 | D:3      | HP: 1/49 [gnoll/+0 spear of chaos (2)]
  2321 | D:3      | Slain by a gnoll

Illustrated notes

Levels and vault maps discovered:
D:1:      kennysheep_arrival_seaside, layout_basic, minmay_ruptured
D:2:      layout_rooms
D:3:      layout_rooms, nicolae_overflow_crystal_walls,
          shapermc_ecumenical_altar_pompeii, serial_shops,
          nicolae_shop_pleasant_corner_grove, shop

Skill      XL: |  1  2  3  4  5 |
---------------+----------------+-----
Dodging        | 1 2 3 |  3.1
Armour         | 2 3 |  3.5
Fighting       | 4 |  4.6
Unarmed Combat | |  2.6

Action                     |  1- 3 |  4- 6 || total
---------------------------+-------+-------++-------
  Melee: Unarmed           |   208 |   174 ||   382
         Punch             |     3 |     3 ||     6
    Use: Potion            |       |     5 ||     5
         Scroll            |       |     2 ||     2
 Armour: Leather armour    |   102 |   133 ||   235
         Skin              |       |     3 ||     3
  Dodge: Dodged            |   141 |   130 ||   271

Table legend: (Time is in decaauts)
 A = Elapsed time spent in this place.
 B = Non-inter-level travel time spent in this place.
 C = Inter-level travel time spent in this place.
 D = Time resting spent in this place.
 E = Time spent auto-exploring this place.
 F = Levels seen in this place.
 G = Mean time per level.
                   A        B        C        D        E       F      G
               +--------+--------+--------+--------+--------+-----+--------+
         Total |   2305 |   2268 |     37 |    258 |   1334 |   3 |  768.3 |
       Dungeon |   2305 |   2268 |     37 |    258 |   1334 |   3 |  768.3 |
               +--------+--------+--------+--------+--------+-----+--------+

Top non-repeatable levels by time:
     D:2: 882 daAuts
     D:1: 792 daAuts
     D:3: 630 daAuts
